 Dungeon Crawl Stone Soup version 0.31.0-12-g77e489cdc1 (webtiles) character file.

Game seed: 10802531786771777130

598 DildoBatman the Conjurer (level 7, -9/51 HPs)
             Began as a Formicid Conjurer on Feb 11, 2024.
             Was an Initiate of Kikubaaqudgha.
             Mangled by an ogre
             ... wielding a +0 giant club
              (25 damage)
             ... on level 5 of the Dungeon.
             The game lasted 00:10:07 (3188 turns).

DildoBatman the Conjurer (Formicid Conjurer)        Turns: 3188, Time: 00:10:08

Health: -9/51      AC:  9    Str: 16    XL:     7   Next: 68%
Magic:  4/12       EV: 10    Int: 18    God:    Kikubaaqudgha [......]
Gold:   226        SH:  0    Dex: 12    Spells: 10/13 levels left

rFire   . . .        k - +5 sling of Azourur {flame, ^Contam rN+ Will+ SInv}
rCold   . . .        (no shield)
rNeg    + . .        y - +3 scale mail of Parts Unknown {+Inv Str+5 Int-2}
rPois   .            (helmet unavailable)
rElec   .            (no cloak)
rCorr   .            (no gloves)
SInv    +            (no boots)
Will    +....        d - amulet of faith
Stlth   +            (no ring)
HPRegen 0.28/turn    (no ring)
MPRegen 0.13/turn

%: faith
@: no status effects
A: permanent stasis, dig shafts and tunnels, antennae 3, four strong arms
a: Dig, Shaft Self, Renounce Religion, Evoke Invisibility


You were on level 5 of the Dungeon.
You worshipped Kikubaaqudgha.
Kikubaaqudgha was noncommittal.
You visited 2 branches of the dungeon, and saw 6 of its levels.

You collected 226 gold pieces.

Inventory:

Hand Weapons
 g - a +0 dagger
 i - a +0 mace
 k - the +5 sling of Azourur (weapon) {flame, ^Contam rN+ Will+ SInv}
   (You found it on level 2 of the Dungeon)

   rN+:       It protects you from negative energy.
   Will+:     It increases your willpower.
   SInv:      It lets you see invisible.
   ^Contam:   It causes magical contamination when unequipped.
 l - a +2 dagger of draining
 q - a +4 mace
Missiles
 f - 49 stones
 s - 6 datura-tipped darts
 w - 3 poisoned darts
Armour
 a - a +0 robe
 y - the +3 scale mail of Parts Unknown (worn) {+Inv Str+5 Int-2}
   (You found it on level 5 of the Dungeon)

   Str+5:     It affects your strength (+5).
   Int-2:     It affects your intelligence (-2).
   +Inv:      It lets you turn invisible.
Jewellery
 d - an amulet of faith (around neck)
 n - a ring of ice
Wands
 x - a wand of digging (3)
Scrolls
 c - 5 scrolls of identify {unknown}
 e - 3 scrolls of teleportation {unknown}
 h - 2 scrolls of immolation {unknown}
 m - a scroll of blinking {unknown}
 r - a scroll of fog {unknown}
 t - a scroll of enchant armour {unknown}
 v - 2 scrolls of revelation {unknown}
Potions
 b - 4 potions of magic
 j - a potion of haste {unknown}
 o - a potion of heal wounds {unknown}
 p - a potion of lignification {unknown}
 u - a potion of invisibility {unknown}
 z - a potion of brilliance {unknown}


   Skills:
 + Level 2.8 Fighting
 * Level 3.3 Ranged Weapons
 + Level 2.9 Armour
 - Level 3.0 Dodging
 - Level 4.0 Stealth
 + Level 3.5 Spellcasting
 + Level 4.4 Conjurations


You had 10 spell levels left.
You knew the following spells:

 Your Spells              Type           Power      Damage    Failure   Level
a - Searing Ray           Conj           38%        2d5       14%         2
c - Magic Dart            Conj           76%        1d6       9%          1

Your spell library contained the following spells:

 Spells                   Type           Power      Damage    Failure   Level
 Hailstorm                Conj/Ice       11%        3d6       54%         3
 Summon Ice Beast         Ice/Summ       3%         N/A       86%         3
 Fulminant Prism          Conj/Alch      5%         3d7       91%         4
 Iskenderun's Mystic Bla  Conj/Tloc      11%        2d4       91%         4
 Sculpt Simulacrum        Ice/Alch       1%         N/A       100%        6


Dungeon Overview and Level Annotations

Branches:
Dungeon (5/15)             Temple (1/1) D:4

Altars:
Cheibriados
Dithmenos
Elyvilon
Gozag
Hepliaklqana
Kikubaaqudgha
Makhleb
Nemelex Xobeh
Okawaru
Qazlal
Ru
Sif Muna
Trog
Uskayaw
Vehumet
Xom
Yredelemnul
Zin
The Shining One


Innate Abilities, Weirdness & Mutations

You cannot be hasted, slowed, berserked, paralysed or teleported.
You can dig through walls and to a lower floor.
You have a pair of large antennae on your head. (SInv)
Your four strong arms can wield two-handed weapons with a shield.


Message History

The searing ray hits the iguana.
The iguana is moderately wounded. (Press . to maintain the ray.)
The hound barely misses you.
The searing ray misses the hound.
The searing ray hits the ogre.
The ogre is moderately wounded.
The searing ray hits the iguana.
The iguana is heavily wounded.
The hound bites you but does no damage. x2
The searing ray hits the hound.
You kill the hound!
Kikubaaqudgha accepts your kill.
The searing ray hits the ogre.
The ogre is moderately wounded.
The searing ray hits the iguana!
The iguana is almost dead.
Training target 3.0 for Dodging reached!
Your Dodging skill increases to level 3!
The searing ray hits the ogre.
The ogre is heavily wounded.
The searing ray hits the iguana.
You kill the iguana!
Kikubaaqudgha accepts your kill.
You finish channelling your searing ray.
The ogre hits you with a +0 giant club!!
Ouch! That really hurt!
Casting: Searing Ray (safe; 14% risk of failure)
Confirm with . or Enter, or press ? or * to list all spells.
Aiming: Searing Ray (safe; 14% risk of failure)
Press: ? - help, Shift-Dir - straight line, f - ogre
Aim: an ogre, wielding a +0 giant club (heavily wounded, 89% to hit)
The searing ray hits the ogre!
The ogre is severely wounded. (Press . to maintain the ray.)
The searing ray hits the ogre.
The ogre is almost dead.
The ogre hits you with a +0 giant club!!
You die...
Kikubaaqudgha rasps: "You have failed me!
Welcome... death!"

#.# #.# ###.###
#.# ....... #.#
O...... #.#
....... #.#
.h..... #.#
.......
#.#######.......
#...@O.†........
############.###


You could see an ogre.

Vanquished Creatures
  A centaur (D:5)
  2 scorpions
  A bombardier beetle (D:3)
  A jelly (D:4)
  A gnoll bouda (D:5)
  3 hounds
  An iguana (D:5)
  A sleepcap (D:5)
  5 gnolls (D:5)
  3 adders
  2 dart slugs
  4 orcs
  7 endoplasms
  5 giant cockroaches
  8 goblins
  4 hobgoblins
  8 jackals (D:1)
  7 kobolds
  3 quokkas
  6 ball pythons
  4 bats
  5 frilled lizards
  2 rats
84 creatures vanquished.

Notes
Turn   | Place    | Note
-------+----------+-------------------------------------------
     0 | D:1      | DildoBatman the Formicid Conjurer began the quest for the
                  | Orb.
     0 | D:1      | Reached XP level 1. HP: 13/13 MP: 3/3
   180 | D:1      | Found a faded altar of an unknown god.
   303 | D:1      | Reached XP level 2. HP: 20/20 MP: 3/5
   306 | D:1      | Learned a level 2 spell: Searing Ray
   754 | D:2      | Reached XP level 3. HP: 25/25 MP: 3/6
   920 | D:2      | Reached skill level 1 in Fighting
   964 | D:2      | Reached skill level 1 in Armour
  1097 | D:2      | Identified the +5 sling of Azourur {flame, ^Contam rN+
                  | Will+ SInv}
  1183 | D:2      | Reached XP level 4. HP: 32/32 MP: 7/7
  1785 | D:3      | Found a hazy altar of Hepliaklqana.
  1788 | D:3      | Reached skill level 1 in Ranged Weapons
  1828 | D:3      | Found a hide-covered altar of Uskayaw.
  1898 | D:3      | Noticed a scorpion
  1906 | D:3      | Killed a scorpion
  1907 | D:3      | Reached XP level 5. HP: 38/38 MP: 0/9
  2111 | D:4      | Reached XP level 6. HP: 41/44 MP: 4/10
  2167 | D:4      | Found a burning altar of Makhleb.
  2169 | D:4      | Found an ancient bone altar of Kikubaaqudgha.
  2191 | D:4      | Became a worshipper of Kikubaaqudgha
  2277 | D:4      | Found a staircase to the Ecumenical Temple.
  2293 | Temple   | Found a transporter.
  2293 | Temple   | Found a transporter.
  2293 | Temple   | Found a transporter.
  2293 | Temple   | Found a transporter.
  2293 | Temple   | Entered the Ecumenical Temple
  2364 | D:4      | Found a sparkling altar of Nemelex Xobeh.
  2848 | D:5      | Entered Level 5 of the Dungeon
  2862 | D:5      | Reached XP level 7. HP: 51/51 MP: 6/11
  2915 | D:5      | Found a white marble altar of Elyvilon.
  3162 | D:5      | Identified the +3 scale mail of Parts Unknown {+Inv Str+5
                  | Int-2}
  3188 | D:5      | Mangled by an ogre

Illustrated notes

Levels and vault maps discovered:
D:1:      psy_arrival_whirlpool, layout_basic, chequers_ecumenical_altar_island
D:2:      layout_basic, minmay_quadrilaterals
D:3:      layout_basic, mainiacjoe_overflow_boulevard,
          mainiacjoe_overflow_small_starburst, hangedman_decor_push
D:4:      layout_loops_cross, mainiacjoe_overflow_catwalk_spiral,
          lemuel_doored_altar, minmay_temple_entry_glass
D:5:      layout_rooms, mainiacjoe_overflow_six_doors_small
Temple:   hellmonk_temple_divided_pantheon

Skill      XL: |  1  2  3  4  5  6  7 |
---------------+----------------------+-----
Dodging        | 2 3 |  3.0
Fighting       | 1 2 |  2.8
Armour         | 1 2 |  2.9
Stealth        | 3 4 |  4.0
Ranged Weapons | 1 2 3 |  3.3
Conjurations   | 4 |  4.4
Spellcasting   | 3 |  3.5

Action                     |  1- 3 |  4- 6 |  7- 9 || total
---------------------------+-------+-------+-------++-------
  Melee: Unarmed           |     2 |       |       ||     2
         Dagger            |    17 |       |       ||    17
   Fire: Sling             |    10 |    75 |    18 ||   103
   Cast: Magic Dart        |    34 |     3 |       ||    37
         Searing Ray       |     5 |     7 |     8 ||    20
 Armour: Robe              |    16 |     8 |    12 ||    36
         Scale mail        |       |       |     8 ||     8
  Dodge: Dodged            |    21 |    11 |    16 ||    48
